 Dungeon Crawl Stone Soup version 0.20.1-1-g8b1a95d (webtiles) character file.

30 sanboga the Shooter (level 3, -7/33 HPs)
             Began as a Naga Wanderer on Jan 2, 2018.
             Mangled by Crazy Yiuf
             ... wielding a +4 quarterstaff of chaos
              (16 damage)
             ... on level 2 of the Dungeon.
             The game lasted 00:03:58 (1042 turns).

sanboga the Shooter (Naga Wanderer)                 Turns: 1042, Time: 00:03:59

Health: -7/33      AC:  3    Str: 15    XL:     3   Next: 20%
Magic:  6/6        EV:  8    Int: 13    God:
Gold:   50         SH:  0    Dex:  9    Spells: 6/6 levels left

rFire    . . .     SeeInvis +   h - +4 dagger (venom)
rCold    . . .     Gourm    .   (no shield)
rNeg     . . .     Faith    .   e - +0 ring mail
rPois    +         Spirit   .   (no helmet)
rElec    .         Reflect  .   (no cloak)
rCorr    .         Harm     .   (no gloves)
MR       .....                  (no barding)
Stlth    +.........             (no amulet)
Regen    0.2/turn               (no ring)
MPRegen  0.1/turn               (no ring)

@: very slow
A: see invisible, deformed body, poison resistance, slowness 2, slow metabolism
1, spit poison 1, AC +1
a: Spit Poison


You were on level 2 of the Dungeon.
You were not hungry.

You visited 1 branch of the dungeon, and saw 2 of its levels.

You collected 50 gold pieces.

Inventory:

Hand Weapons
 a - a +2 shortbow
 c - a +0 hand crossbow
 h - a +4 dagger of venom (weapon)
Missiles
 b - 38 arrows
 d - 45 bolts
Armour
 e - a +0 ring mail (worn)
Scrolls
 i - a scroll of identify {unknown}
 j - a scroll of noise {unknown}
 l - a scroll of immolation {unknown}
Potions
 g - a potion of berserk rage {unknown}
 k - a potion of heal wounds {unknown}
 m - a potion of cancellation {unknown}
Comestibles
 f - 2 bread rations


   Skills:
 + Level 2.3 Fighting
 + Level 0.2 Short Blades
 + Level 2.6 Bows
 + Level 1.0 Throwing
 + Level 1.0 Armour
 + Level 1.7 Stealth
 + Level 2.2 Spellcasting
   Level 1.0 Hexes


You had 6 spell levels left.
You didn't know any spells.

Dungeon Overview and Level Annotations

Branches:
Dungeon (2/15)

Altars:

Annotations:
D:2 Crazy Yiuf


Innate Abilities, Weirdness & Mutations

You cannot wear boots.
Your serpentine skin is tough. (AC +1)
You have supernaturally acute eyesight. (SInv)
Armour fits poorly on your strangely shaped body.
Your system is resistant to poisons. (rPois)
You cover ground very slowly.
You have a slow metabolism.
You can spit poison.


Message History

Crazy Yiuf the Enlightened comes into view.
He is wielding a quarterstaff of chaos.
Crazy Yiuf shouts!
Crazy Yiuf drinks a potion.
Crazy Yiuf suddenly seems more agile.
Found a mace.
There is an open door here.
You miss Crazy Yiuf.
Crazy Yiuf hits you with a quarterstaff of chaos!
Crazy Yiuf burns you.
You barely miss Crazy Yiuf.
Crazy Yiuf hits you with a quarterstaff of chaos!
Crazy Yiuf freezes you.
* * * LOW HITPOINT WARNING * * *
You miss Crazy Yiuf. You hit Crazy Yiuf.
Crazy Yiuf is poisoned.
Crazy Yiuf is lightly wounded.
Crazy Yiuf barely misses you.
You barely miss Crazy Yiuf.
Crazy Yiuf is lightly wounded.
Crazy Yiuf hits you with a quarterstaff of chaos!
You die...

########
#......##♣♣♣♣♣
..###.##...♣.♣♣♣
#### ###
#.......♣..♣#...#
#......♣♣♣♣.@g..#
##.#..♣♣ ♣♣#..)#
####♣♣ #### #
###### ......
###### #


You could see Crazy Yiuf.

Vanquished Creatures
  An ooze (D:1)
  2 leopard geckos
  2 giant cockroaches
  2 goblins (D:1)
  5 hobgoblins (D:1)
  3 kobolds (D:1)
  2 bats (D:1)
  A frilled lizard (D:2)
  5 rats
  A plant (D:1)
24 creatures vanquished.

Notes
Turn   | Place    | Note
-------+----------+-------------------------------------------
     0 | D:1      | sanboga the Naga Wanderer began the quest for the Orb.
     0 | D:1      | sanboga set off with: a +2 shortbow, 21 arrows, a +0 hand crossbow, 26 bolts, a +0 ring mail, a bread ration
     0 | D:1      | Reached XP level 1. HP: 19/19 MP: 3/3
   160 | D:1      | Reached XP level 2. HP: 26/26 MP: 5/5
   761 | D:1      | Reached XP level 3. HP: 33/33 MP: 6/6
  1032 | D:2      | Found a runed door.
  1036 | D:2      | Noticed Crazy Yiuf
  1042 | D:2      | Mangled by Crazy Yiuf

Skill      XL: |  1 |
---------------+----+-----
Bows           | 2 |  2.6
Fighting       | |  2.3
Short Blades   | |  0.2
Throwing       | |  1.0
Armour         | |  1.0
Stealth        | |  1.7
Spellcasting   | |  2.2
Hexes          | |  1.0

Action                   || total
-------------------------++-------
Melee: Dagger            ||    39
 Fire: Shortbow          ||    42
Armor: Ring mail         ||    12
Dodge: Dodged            ||    21
